 Dungeon Crawl Stone Soup version 0.31-a0-1529-g7bd419a0e5 (webtiles) character file.

Game seed: 10379120727960611099

2 wildpjah the Ducker (level 1, 0/16 HPs)
             Began as a Demonspawn Gladiator on Dec 31, 2023.
             Slain by a ball python (2 damage)
             ... on level 1 of the Dungeon.
             The game lasted 00:00:09 (29 turns).

wildpjah the Ducker (Demonspawn Gladiator)            Turns: 29, Time: 00:00:09

Health: 0/16       AC:  4    Str: 14    XL:     1   Next: 33%
Magic:  1/1        EV: 12    Int:  8    God:
Gold:   0          SH:  0    Dex: 14    Spells: 0/0 levels left

rFire   . . .        a - +0 long sword
rCold   . . .        (no shield)
rNeg    . . .        b - +0 leather armour
rPois   .            c - +0 helmet
rElec   .            (no cloak)
rCorr   .            (no gloves)
SInv    .            (no boots)
Will    .....        (no amulet)
Stlth   +            (no ring)
HPRegen 0.22/turn    (no ring)
MPRegen 0.07/turn

%: no passive effects
@: no status effects
A: no striking features
a: no special abilities


You were on level 1 of the Dungeon.
You visited 1 branch of the dungeon, and saw 1 of its levels.

Inventory:

Hand Weapons
 a - a +0 long sword (weapon)
Missiles
 d - 3 throwing nets (quivered)
 e - a javelin
Armour
 b - a +0 leather armour (worn)
 c - a +0 helmet (worn)


   Skills:
 + Level 2.0 Fighting
 + Level 2.7 Long Blades
 + Level 1.7 Throwing
 + Level 2.7 Dodging


You couldn't memorise any spells.
You didn't know any spells.
Your spell library was empty.

Dungeon Overview and Level Annotations

Branches:
Dungeon (1/15)

Altars:


Message History

Found a staircase leading out of the dungeon.
Found a leather armour.
A dart slug comes into view.
A goblin comes into view. It is wielding a +0 club.
The goblin shouts!
The dart slug launches a dart at you. The slug dart hits you.
A rat comes into view.
The goblin moves out of view.
Found a book of the Senses.
Found a stone staircase leading down.
A ball python comes into view.
The ball python moves out of view.
The dart slug launches a dart at you. The slug dart hits you.
The goblin barely misses you.
You closely miss the goblin. The goblin misses you.
You slash the dart slug!
The dart slug is almost dead.
The goblin barely misses you.
The dart slug attacks as it pursues you!
The dart slug bites you but does no damage.
You barely miss the dart slug.
The dart slug is almost dead.
The rat closely misses you. The dart slug bites you.
You slash the dart slug!
You kill the dart slug!
The rat bites you. The ball python barely misses you.
The ball python closely misses you. The rat bites you.
* * * LOW HITPOINT WARNING * * *
You barely miss the goblin. The ball python barely misses you.
The ball python misses you. The goblin closely misses you.
The rat closely misses you.
The ball python bites you but does no damage.
The ball python closely misses you.
Unknown command.
The ball python attacks as it pursues you!
The ball python bites you.
* * * LOW HITPOINT WARNING * * *
The ball python closely misses you.
You barely miss the ball python. The ball python bites you.
You die...

.. #.#......#
#.#.###.###.#.##
#......<......#
#.#.###.###.#.##
. ...#.#......#
#.#.#.#.#.####
#.........#
###.#.#.###
#....@#
...#.###S#####
.......gr....#
.[...##..##..#
... #........# :
............#
..............#
....#.....>..##
....#........#


You could see a goblin, a ball python and a rat.

Vanquished Creatures
  A dart slug (D:1)
1 creature vanquished.

Notes
Turn   | Place    | Note
-------+----------+-------------------------------------------
     0 | D:1      | wildpjah the Demonspawn Gladiator began the quest for the
                  | Orb.
     0 | D:1      | Reached XP level 1. HP: 16/16 MP: 1/1
    29 | D:1      | Slain by a ball python

Illustrated notes

Levels and vault maps discovered:
D:1:      roderic_chinese_lattice_arrival, layout_rooms,
          serial_co_window_serial, co_window_of_opportunity_a,
          co_window_paths_a, co_window_paths_b, co_window_of_opportunity_a,
          co_window_cross_1, co_window_corner_a, co_window_of_opportunity_c,
          co_window_broadway_b, co_window_2corner, co_window_paths_e,
          glass_columns_a, glass_columns_b,
          ebering_ecumenical_altar_sacrificial, serial_shops, shop,
          dreamdust_wishing_well, st_stairs_5,
          wander_ebering_terrifying_dragon_lair

Action                     || total
---------------------------++-------
  Melee: Long sword        ||     6
 Armour: Leather armour    ||     9
  Dodge: Dodged            ||    12

Table legend: (Time is in decaauts)
 A = Elapsed time spent in this place.
 B = Non-inter-level travel time spent in this place.
 C = Inter-level travel time spent in this place.
 D = Time resting spent in this place.
 E = Time spent auto-exploring this place.
 F = Levels seen in this place.
 G = Mean time per level.
                   A        B        C        D        E       F      G
               +--------+--------+--------+--------+--------+-----+--------+
         Total |     30 |     30 |      0 |      0 |     15 |   1 |   30.0 |
       Dungeon |     30 |     30 |      0 |      0 |     15 |   1 |   30.0 |
               +--------+--------+--------+--------+--------+-----+--------+

Top non-repeatable levels by time:
     D:1: 30 daAuts
